 Dungeon Crawl Stone Soup version 0.29.0-13-gc9e81de378 (webtiles) character file.

Game seed: 5220528444642718786

20166 Ge0ff the Fighter (level 13, -8/84 HPs)
             Began as a Kobold Hedge Wizard on Sept 9, 2022.
             Was a Believer of Dithmenos.
             Killed by an exploding swamp dragon (42 damage)
             ... ignited by their inner flame
             ... on level 2 of the Lair of Beasts.
             The game lasted 00:40:48 (16224 turns).

Ge0ff the Fighter (Kobold Hedge Wizard)            Turns: 16224, Time: 00:40:48

Health: -8/84      AC: 10    Str:  7    XL:     13   Next: 10%
Magic:  26/29      EV: 15    Int: 21    God:    Dithmenos [**....]
Gold:   1592       SH:  6    Dex: 14    Spells: 7/22 levels left

rFire   . . .      SeeInvis .   a - +4 dagger (venom)
rCold   + + .      Faith    .   M - +0 buckler
rNeg    + . .      Spirit   .   h - +0 steam dragon scales
rPois   +          Reflect  .   c - +0 hat
rElec   .          Harm     .   (no cloak)
rCorr   .          Rampage  .   w - +2 pair of gloves
Will    .....                   S - +1 pair of boots
Stlth   +++++.....              N - amulet of regeneration
HPRegen 1.04/turn               q - ring "Ibutupu" {rPois rC++ rN+ MP+9 Stlth-}
MPRegen 0.21/turn               t - +4 ring of slaying {=R}

@: lethally poisoned (-8 -> -8), on blink cooldown, wreathed by umbra, studying
2 skills
A: small, no large weapons, nightstalker 3
a: Renounce Religion, Shadow Step


You were on level 2 of the Lair of Beasts.
You worshipped Dithmenos.
Dithmenos was pleased with you.
You visited 3 branches of the dungeon, and saw 14 of its levels.
You also visited: Sewer and Bailey.

You collected 1592 gold pieces.

Inventory:

Hand Weapons
 a - a +4 dagger of venom (weapon)
 b - a +1 short sword of draining
Missiles
 g - 3 throwing nets {=F}
 s - 2 boomerangs of dispersal
 v - 11 curare-tipped darts {=F}
 z - 17 boomerangs (quivered)
 Q - 15 datura-tipped darts {=F}
Armour
 c - a +0 hat (worn)
 e - a +2 leather armour of willpower
 h - +0 steam dragon scales (worn)
 m - a +0 leather armour of cold resistance
 n - +0 fire dragon scales
 r - a +0 cloak
 w - a +2 pair of gloves (worn)
 G - a scarf of shadows
 M - a +0 buckler (worn)
 S - a +1 pair of boots (worn)
 Y - a +0 robe of resistance
Jewellery
 q - the ring "Ibutupu" (left hand) {rPois rC++ rN+ MP+9 Stlth-}
   (You acquired it on level 9 of the Dungeon)

   [ring of poison resistance]

   rC:        It greatly protects you from cold.
   rPois:     It protects you from poison.
   rN:        It protects you from negative energy.
   MP:        It affects your magic capacity (+9).
   Stlth:     It makes you less stealthy.
 t - a +4 ring of slaying (right hand) {=R}
 N - an amulet of regeneration (around neck)
 O - an amulet of faith
 R - a ring of willpower
 X - a +6 ring of dexterity
Wands
 f - a wand of flame (13)
 j - a wand of acid (17)
 P - a wand of polymorph (8)
Scrolls
 d - a scroll of enchant armour
 y - a scroll of immolation
 C - a scroll of poison
 D - 2 scrolls of amnesia
 E - 2 scrolls of fear
 T - 3 scrolls of teleportation
 V - 2 scrolls of vulnerability
Potions
 o - 4 potions of ambrosia
 u - a potion of degeneration {unknown}
 x - a potion of mutation {unknown}
 A - 3 potions of attraction
 B - 2 potions of flight {unknown}
 F - a potion of heal wounds {unknown}
 H - 2 potions of haste {!q}
 I - 3 potions of cancellation {unknown}
 J - 3 potions of might {unknown}
 K - 3 potions of magic {!q}
 L - a potion of lignification
 U - 6 potions of curing {unknown}
 W - 4 potions of brilliance {unknown}
 Z - 2 potions of invisibility {unknown}
Miscellaneous
 l - a lightning rod (1/4)


   Skills:
 + Level 11.4 Fighting
 - Level 10.3 Short Blades
 - Level 1.2 Armour
 - Level 4.5 Dodging
 - Level 9.2 Stealth
 - Level 4.5 Shields
 - Level 5.0 Spellcasting
 - Level 3.0 Conjurations
 + Level 8.1 Hexes
 - Level 3.0 Summonings
 - Level 2.0 Translocations
 - Level 3.0 Transmutations
 - Level 7.0 Ice Magic
 - Level 3.0 Air Magic
 - Level 3.0 Earth Magic
 - Level 3.0 Poison Magic
 - Level 7.0 Evocations


You had 7 spell levels left.
You knew the following spells:

 Your Spells              Type           Power      Damage    Failure   Level
c - Blink                 Tloc           26%        N/A       11%         2
f - Mephitic Cloud        Conj/Pois/Air  17%        N/A       14%         3
k - Magic Dart            Conj           68%        1d6       4%          1
s - Call Imp              Summ           17%        N/A       7%          2
t - Confusing Touch       Hex            39%        N/A       1%          3
w - Passwall              Tmut/Erth      14%        N/A       7%          2
C - Ensorcelled Hibernat  Hex/Ice        72%        N/A       1%          2

Your spell library contained the following spells:

 Spells                   Type           Power      Damage    Failure   Level
 Slow                     Hex            100%       N/A       1%          1
 Tukima's Dance           Hex            39%        N/A       1%          3
 Beastly Appendage        Tmut           34%        N/A       4%          1
 Shock                    Conj/Air       68%        1d7       4%          1
 Summon Small Mammal      Summ           68%        N/A       4%          1
 Summon Guardian Golem    Hex/Summ       28%        N/A       4%          3
 Wereblood                Tmut           17%        N/A       7%          2
 Call Canine Familiar     Summ           17%        N/A       14%         3
 Spider Form              Tmut/Pois      17%        N/A       14%         3
 Swiftness                Air            17%        N/A       14%         3
 Gell's Gravitas          Tloc           13%        N/A       21%         3
 Ignite Poison            Fire/Tmut/Pois 13%        N/A       21%         3
 Lesser Beckoning         Tloc           13%        N/A       21%         3
 Teleport Other           Tloc           13%        N/A       21%         3
 Conjure Flame            Conj/Fire      11%        6-21      26%         3
 Airstrike                Air            8%         2d(2-18)  41%         4
 Animate Armour           Summ/Erth      34%        N/A       41%         4
 Yara's Violent Unravell  Hex/Tmut       14%        3d7       41%         5
 Vampiric Draining        Necr           5%         2d6       43%         3
 Passage of Golubria      Tloc           13%        N/A       56%         4
 Sticky Flame             Conj/Fire      11%        2d3       63%         4
 Blade Hands              Tmut           8%         N/A       77%         5
 Dispersal                Tloc           6%         N/A       100%        6
 Iron Shot                Conj/Erth      8%         9d3       100%        6


Dungeon Overview and Level Annotations

Branches:
Dungeon (11/15) Zot: 25803  Temple (1/1) D:5 Zot: 5650    Lair (2/5) D:8 Zot: 9784
  Swamp (0/4) Lair:2        Sewer (visited)          Bailey (visited)
  Snake: Lair:2-3    Spider: Lair:2-3       Orc: D:9-12

Altars:
Ashenzari
Cheibriados
Dithmenos
Elyvilon
Fedhas
Gozag
Hepliaklqana
Kikubaaqudgha
Makhleb
Nemelex Xobeh
Okawaru
Qazlal
Ru
Sif Muna
Trog
Uskayaw
Vehumet
Wu Jian
Xom
Yredelemnul
Zin
The Shining One

Shops:
D:2 (

Annotations:
D:9 4 runed translucent doors, exclusion: 4 doors
D:11 2 runed translucent doors, leavemydog's ghost, journeyman DECj
Lair:1 exclusion: great orb of eyes, Anothat's ghost, journeyman VSBr


Innate Abilities, Weirdness & Mutations

You are small and have problems with some larger weapons.
You are completely attuned to the shadows.


Message History

Aiming: Iceblast
Press: ? - help, Shift-Dir - straight line, f/p - water moccasin
Aim: a water moccasin (inner flame, paralysed)
The mass of ice explodes!
The iceblast engulfs the swamp dragon!
Flame seeps out of the swamp dragon.
The swamp dragon is moderately wounded.
The iceblast engulfs the five-headed hydra!!
Flame seeps out of the five-headed hydra.
The five-headed hydra is heavily wounded.
The now-empty wand crumbles to dust.
You feel sick.
A bullfrog comes into view.
The five-headed hydra is engulfed in blazing flames.
Flame seeps out of the five-headed hydra.
The swamp dragon is engulfed in blazing flames.
Flame seeps out of the swamp dragon.
You feel sick. The bullfrog closely misses you.
You feel stable enough to blink again.
You feel sick. You block the bullfrog's attack. The bullfrog hits you!
Casting: Blink (safe; 11% risk of failure)
Confirm with . or Enter, or press ? or * to list all spells.
You blink.
You feel sick.
You don't have any such object.
Evoke which item? (* to show all) (? for menu, Esc to quit)
Okay, then.
Aiming: Corrosive Bolt
Press: ? - help, Shift-Dir - straight line, f - swamp dragon
Aim: a swamp dragon (heavily wounded, inner flame, 84% to hit)
The bolt of acid hits the swamp dragon.
The acid corrodes the swamp dragon!
Flame seeps out of the swamp dragon.
The swamp dragon is severely wounded.
You feel sick.
The swamp dragon is engulfed in blazing flames.
Flame seeps out of the swamp dragon.
Aiming: Corrosive Bolt
Press: ? - help, Shift-Dir - straight line, f - five-headed hydra, p - swamp dragon
Aim: a five-headed hydra (severely wounded, inner flame, 91% to hit)
The bolt of acid hits the swamp dragon!!
Dithmenos accepts your kill.
The bolt of acid hits the five-headed hydra!!
Flame seeps out of the five-headed hydra.
The five-headed hydra is almost dead.
The swamp dragon explodes!
The fiery explosion engulfs the bullfrog!!
You kill the bullfrog!
Dithmenos accepts your kill.
The fiery explosion engulfs the five-headed hydra!!!
Dithmenos accepts your kill. The fiery explosion engulfs you!!!
Ouch! That really hurt!
You die...

... #P..§§ ......##
##....§
##.......###....§§
..#.....†.#l...☼§.
#.#.(#......S.....○.
#.....#....l........
#...§§○.#....~......
##...§§○##~~~~~~~.~.#
#P..@§###.~~≈~≈~≈≈~.#
##...## ~~≈~~~~≈≈~~~
##### ..~≈~..~≈≈≈~~
#.~~~.<.≈≈~.#
~#~≈≈≈~.~~≈~.#
#~~~≈≈~≈~~~~.#
#.~~~≈~~≈~..#
###~~~~~≈~~.##
#.#...~~.~.)##


There were no monsters in sight!

Vanquished Creatures
  A boulder beetle (D:11)
  A hydra (Lair:2)
  A two-headed ogre (D:10)
  2 death yaks (Lair:2)
  Amaemon (Lair:2)
  A swamp dragon (Lair:2)
  An orange demon (Lair:2)
  A black mamba (Lair:1)
  A torpor snail (Lair:2)
  4 cane toads
  Maggie (D:10)
  3 kobold demonologists
  4 trolls
  3 slime creatures (Lair:1)
  3 blink frogs (Lair:1)
  A shadow (D:11)
  2 wyverns
  34 yaks
  A wraith (D:9)
  A basilisk (Lair:1)
  2 steam dragons
  8 water moccasins
  9 orc warriors
  A sky beast (D:4)
  2 ice beasts
  3 black bears
  An ogre (D:6)
  4 centaurs
  13 kobold brigands
  Blork the orc (D:6)
  7 bullfrogs
  3 scorpions (D:5)
  A gnoll sergeant (D:8)
  2 necrophages
  4 wights (D:6)
  5 electric eels (D:10)
  3 howler monkeys
  A hound (D:6)
  3 jellies
  2 gnoll boudas
  5 orc priests
  Terence (D:2)
  5 iguanas
  12 orc wizards
  11 gnolls
  7 adders
  4 river rats (Sewer)
  2 shadow imps (D:5)
  A white imp (D:6)
  An ufetubus (D:5)
  A worm (D:2)
  4 dart slugs
  24 orcs
  7 ball pythons
  7 endoplasms
  9 giant cockroaches
  12 goblins
  10 hobgoblins
  7 jackals
  6 quokkas
  3 bats (D:3)
  6 frilled lizards
  35 kobolds
  28 rats
350 creatures vanquished.

Vanquished Creatures (collateral kills)
  An ogre (D:6)
  A kobold brigand (Bailey)
  A wight (D:6)
  A jelly (D:6)
  2 orc wizards
  2 adders
  2 gnolls (D:7)
  A white imp (D:6)
  2 dart slugs (D:1)
  5 orcs
  An endoplasm (D:1)
  A hobgoblin (D:2)
  A ball python (D:1)
  A frilled lizard (D:1)
  4 kobolds
26 creatures vanquished.

Vanquished Creatures (others)
  2 fungi
  3 plants (Lair:2)
  4 toadstools (D:1)
9 creatures vanquished.

Grand Total: 385 creatures vanquished

Notes
Turn   | Place    | Note
-------+----------+-------------------------------------------
     0 | D:1      | Ge0ff the Kobold Hedge Wizard began the quest for the Orb.
     0 | D:1      | Reached XP level 1. HP: 10/10 MP: 4/4
    89 | D:1      | Reached skill level 1 in Short Blades
   109 | D:1      | Reached XP level 2. HP: 15/15 MP: 6/6
   115 | D:1      | Learned a level 2 spell: Call Imp
   327 | D:1      | Reached XP level 3. HP: 11/19 MP: 4/7
   332 | D:1      | Learned a level 3 spell: Mephitic Cloud
   650 | D:1      | Found a faded altar of an unknown god.
  1024 | D:2      | Found Viequjo's Weapon Emporium.
  1054 | D:2      | Noticed Terence
  1058 | D:2      | Reached XP level 4. HP: 23/24 MP: 5/9
  1070 | D:2      | Killed Terence
  1071 | D:2      | Reached skill level 1 in Air Magic
  1361 | D:2      | Reached skill level 1 in Fighting
  1369 | D:2      | Reached XP level 5. HP: 28/29 MP: 10/10
  1789 | D:3      | Learned a level 2 spell: Blink
  1881 | D:3      | Reached skill level 1 in Poison Magic
  2310 | D:3      | Noticed a black bear
  2319 | D:3      | HP: 1/29 [black bear (5)]
  2321 | D:3      | Killed a black bear
  2322 | D:3      | Reached XP level 6. HP: 1/35 MP: 11/11
  3438 | D:4      | Reached skill level 2 in Fighting
  3438 | D:4      | Reached XP level 7. HP: 10/40 MP: 12/12
  3869 | D:4      | Reached skill level 1 in Evocations
  4315 | D:5      | Entered Level 5 of the Dungeon
  4366 | D:5      | Noticed a water moccasin
  4372 | D:5      | Killed a water moccasin
  4397 | D:5      | Found a staircase to the Ecumenical Temple.
  4403 | Temple   | Entered the Ecumenical Temple
  4556 | D:5      | Reached XP level 8. HP: 39/44 MP: 7/14
  4599 | D:5      | Found a shimmering altar of Xom.
  4675 | D:5      | Found a glowing drain.
  4716 | Sewer    | Entered a sewer
  5136 | Sewer    | Reached skill level 5 in Stealth
  5319 | Sewer    | Reached skill level 5 in Short Blades
  6285 | D:5      | Reached XP level 9. HP: 48/48 MP: 15/15
  6484 | D:6      | Noticed Blork the orc
  6493 | D:6      | Killed Blork the orc
  6662 | D:6      | Reached skill level 5 in Evocations
  6957 | D:6      | Reached skill level 1 in Shields
  7209 | D:6      | Found a blossoming altar of Fedhas.
  7821 | D:7      | Reached XP level 10. HP: 37/53 MP: 13/16
  8958 | D:8      | Reached skill level 3 in Fighting
  8965 | D:8      | Reached skill level 10 in Short Blades
  9062 | D:8      | Found a flagged portal.
  9092 | Bailey   | Entered a bailey
  9147 | Bailey   | Reached skill level 5 in Spellcasting
  9293 | Bailey   | Reached skill level 4 in Fighting
  9537 | Bailey   | Found a burning altar of Makhleb.
  9726 | D:8      | Found a staircase to the Lair.
 10136 | D:8      | Learned a level 2 spell: Ensorcelled Hibernation
 10290 | D:9      | Reached XP level 11. HP: 29/62 MP: 16/18
 10614 | D:9      | Found a shadowy altar of Dithmenos.
 10619 | D:9      | Became a worshipper of Dithmenos the Shadowed
 10734 | D:9      | Reached skill level 5 in Fighting
 10734 | D:9      | Reached skill level 1 in Hexes
 10734 | D:9      | Reached skill level 1 in Ice Magic
 11033 | D:9      | Found a huge runed translucent gate.
 11220 | D:9      | Reached skill level 1 in Armour
 11495 | D:9      | Found a huge runed translucent gate.
 11497 | D:9      | Found a huge runed translucent gate.
 11498 | D:9      | Found a huge runed translucent gate.
 11500 | D:9      | Noticed a manticore
 11701 | D:9      | Identified a scroll of acquirement
 11701 | D:9      | Acquired the ring "Ibutupu" {rPois rC++ rN+ MP+9 Stlth-}
 11725 | D:10     | Entered Level 10 of the Dungeon
 11943 | D:10     | Noticed a two-headed ogre
 11947 | D:10     | Killed a two-headed ogre
 11948 | D:10     | Reached skill level 6 in Fighting
 11999 | D:10     | Reached * piety under Dithmenos
 12609 | D:10     | Noticed Maggie
 12613 | D:10     | Killed Maggie
 13004 | D:11     | Reached skill level 7 in Fighting
 13123 | D:11     | Noticed a necromancer
 13125 | D:11     | Noticed leavemydog's ghost (journeyman DECj)
 13125 | D:11     | Noticed a skeletal warrior
 13126 | D:11     | Noticed a lich
 13295 | D:11     | Reached skill level 5 in Hexes
 13300 | D:11     | Reached skill level 5 in Ice Magic
 13302 | D:11     | Reached XP level 12. HP: 73/73 MP: 9/19
 13608 | D:11     | Found a runed translucent door.
 13615 | D:11     | Noticed a skeletal warrior
 13616 | D:11     | Found a runed translucent door.
 13669 | D:11     | Reached skill level 8 in Fighting
 13690 | D:11     | Noticed an ettin
 13690 | D:11     | Noticed a fire crab
 13782 | D:11     | Noticed a boulder beetle
 13790 | D:11     | Killed a boulder beetle
 13986 | Lair:1   | Entered Level 1 of the Lair of Beasts
 14027 | Lair:1   | Learned a level 3 spell: Confusing Touch
 14369 | Lair:1   | Reached ** piety under Dithmenos
 14373 | Lair:1   | Learned a level 2 spell: Passwall
 14591 | Lair:1   | Reached skill level 9 in Fighting
 14691 | Lair:1   | Found a runed translucent gate.
 14691 | Lair:1   | Found a runed translucent gate.
 14714 | Lair:1   | Reached skill level 1 in Transmutations
 14714 | Lair:1   | Reached skill level 1 in Earth Magic
 15126 | Lair:1   | Found a runed translucent gate.
 15330 | Lair:1   | Noticed Anothat's ghost (journeyman VSBr)
 15330 | Lair:1   | Noticed a great orb of eyes
 15499 | Lair:2   | Noticed a death yak
 15505 | Lair:2   | Noticed a death yak
 15642 | Lair:2   | Killed a death yak
 15643 | Lair:2   | Reached skill level 10 in Fighting
 15647 | Lair:2   | Killed a death yak
 15803 | Lair:2   | Noticed Amaemon
 15818 | Lair:2   | Killed Amaemon
 15819 | Lair:2   | Reached XP level 13. HP: 83/84 MP: 20/20
 15823 | Lair:2   | Reached skill level 11 in Fighting
 16168 | Lair:2   | Noticed a five-headed hydra
 16203 | Lair:2   | Found a staircase to the Swamp.
 16224 | Lair:2   | Killed a five-headed hydra
 16224 | Lair:2   | Killed by an exploding swamp dragon... ignited by their
                  | inner flame

Illustrated notes

Levels and vault maps discovered:
D:1:      ldierk_walled_garden_2, layout_basic, ebering_ecumenical_altar_ruins,
          hangedman_decor_points, minmay_close_crescents
D:2:      layout_rooms, serial_shops, shop, uniq_terence
D:3:      layout_loops_ring
D:4:      layout_loops_ring
D:5:      layout_rooms, mainiacjoe_overflow_cross_hatched, temple_pool_b,
          gup_sewer_entry_pipe, hangedman_decor_diamond_cutter
D:6:      layout_rooms, mainiacjoe_overflow_brackets, uniq_blork_the_orc
D:7:      layout_cave_pools
D:8:      layout_basic, lair_entry_dummy, enter_bailey_2,
          chequers_serial_rivers_marsh
D:9:      lemuel_bear_cage, layout_cave_pools, mainiacjoe_overflow_alcove_1
D:10:     layout_basic, uniq_maggie
D:11:     layout_loops_ring, muffindrake_ghost_dual_entry
Temple:   nicolae_temple_bog_church
Lair:1:   layout_layer_cave, gammafunk_ghost_ooze, infiniplex_staircase_pool,
          serial_bayou_shore_b
Lair:2:   layout_cave_pods, minmay_swamp_entry_reptiles, st_stairs_6,
          infiniplex_staircase_pool_2, grunt_megastairs_5, lemuel_fruit_tree,
          uniq_amaemon

Skill      XL: |  1  2  3  4  5  6  7  8  9 10 11 12 13 |
---------------+----------------------------------------+-----
Short Blades   | 2 3 4 6 9 10 | 10.3
Stealth        | 3 4 6 7 8 9 |  9.2
Air Magic      | 1 2 3 |  3.0
Fighting       | 1 2 4 7 10 11 | 11.4
Summonings     | 2 3 |  3.0
Poison Magic   | 1 2 3 |  3.0
Conjurations   | 2 3 |  3.0
Dodging        | 3 4 |  4.5
Evocations     | 1 4 5 6 7 |  7.0
Spellcasting   | 4 5 |  5.0
Translocations | 2 |  2.0
Shields        | 3 4 |  4.5
Hexes          | 5 7 8 |  8.1
Ice Magic      | 5 7 |  7.0
Armour         | 1 |  1.2
Transmutations | 3 |  3.0
Earth Magic    | 3 |  3.0

Action                   |  1- 3 |  4- 6 |  7- 9 | 10-12 | 13-15 || total
-------------------------+-------+-------+-------+-------+-------++-------
Melee: Dagger            |    61 |   104 |   240 |   394 |    11 ||   810
       Punch             |       |     1 |     2 |       |       ||     3
Throw: Boomerang         |       |       |       |    18 |     1 ||    19
 Cast: Call Imp          |     6 |     1 |    22 |    14 |       ||    43
       Magic Dart        |     1 |     3 |    49 |     1 |       ||    54
       Mephitic Cloud    |       |       |     8 |    32 |       ||    40
       Blink             |       |       |     3 |     5 |     3 ||    11
       Ensorcelled Hiber |       |       |       |    87 |    12 ||    99
       Confusing Touch   |       |       |       |     1 |       ||     1
Evoke: Wand              |       |     2 |    10 |     2 |     6 ||    20
       Lightning rod     |       |       |       |     9 |       ||     9
  Use: Scroll            |     3 |     8 |     4 |     6 |     3 ||    24
       Potion            |       |     1 |       |     1 |       ||     2
 Stab: Sleeping          |    20 |    18 |    13 |    49 |     6 ||   106
       Distracted        |       |     1 |     1 |     1 |       ||     3
       Paralysed         |       |     2 |     5 |       |       ||     7
       Confused          |       |       |     8 |    35 |     1 ||    44
Armor: Robe              |     4 |    19 |    30 |    29 |       ||    82
       Leather armour    |       |       |       |    12 |       ||    12
       Steam dragon scal |       |       |       |    17 |    11 ||    28
Dodge: Dodged            |    31 |    58 |   155 |   183 |    28 ||   455
Block: Buckler           |       |       |     1 |   105 |     6 ||   112
